 Dungeon Crawl Stone Soup version 0.19.1 (webtiles) character file.

289 Lilleppy the Spear-Bearer (level 6, -1/47 HPs)
             Began as a Merfolk Gladiator on Dec 8, 2016.
             Killed from afar by an orc wizard (9 damage)
             ... with a magic dart
             ... on level 3 of the Dungeon.
             The game lasted 00:04:58 (1550 turns).

Lilleppy the Spear-Bearer (Merfolk Gladiator)       Turns: 1550, Time: 00:04:58

Health: -1/47      AC:  9    Str: 17    XL:     6   Next: 31%
Magic:  6/6        EV:  9    Int:  8    God:
Gold:   140        SH:  0    Dex: 14    Spells: 0 memorised, 5 levels left

rFire  . . .     SeeInvis .     t - +0 scythe
rCold  . . .     Gourm    .     n - +0 chain mail
rNeg   . . .     Faith    .     (shield currently unavailable)
rPois  .         Spirit   .     c - +0 helmet
rElec  .         Reflect  .     (no cloak)
rCorr  .         Harm     .     (no gloves)
MR     .....                    (no boots)
Stlth  ..........               (no amulet)
                                (no ring)
                                (no ring)

@: no status effects
A: change form in water, swift swim, stealthy swim
a: no special abilities


You were on level 3 of the Dungeon.
You were not hungry.

You visited 1 branch of the dungeon, and saw 3 of its levels.

You collected 140 gold pieces.

Inventory:

Hand Weapons
 a - a +0 trident
 t - a +0 scythe (weapon)
 w - a +1 dagger of flaming
Missiles
 d - 3 throwing nets (quivered)
 q - 11 tomahawks
Armour
 c - a +0 helmet (worn)
 n - a +0 chain mail (worn)
Scrolls
 e - a scroll of magic mapping {unknown}
 f - a scroll of blinking {unknown}
 g - 2 scrolls of fog {unknown}
 i - 2 scrolls of remove curse {unknown}
 k - a scroll of fear {unknown}
 p - 2 scrolls of identify {unknown}
 r - a scroll of enchant weapon {unknown}
 v - a scroll of amnesia {unknown}
Potions
 b - 2 potions of lignification {unknown}
 h - a potion of beneficial mutation {unknown}
 j - a potion of resistance {unknown}
 m - 2 potions of curing {unknown}
 o - a potion of mutation {unknown}
 s - a potion of heal wounds {unknown}
Comestibles
 l - 3 meat rations
 u - a bread ration


   Skills:
 + Level 3.2 Fighting
 + Level 8.2 Polearms
 + Level 2.3 Throwing
 + Level 1.0 Armour
 + Level 4.8 Dodging


You had 5 spell levels left.
You didn't know any spells.

Dungeon Overview and Level Annotations

Branches:
Dungeon (3/15)

Altars:


Message History

Something tries to affect you, but you resist.
You miss something. The orc hits you.
* * * LOW HITPOINT WARNING * * *
You hear some strange, mumbled words.
A puff of flame appears from out of thin air!
The puff of flame hits you!
* * * LOW HITPOINT WARNING * * *
The orc misses you.
You barely miss the orc. Something hits you but does no damage.
The orc hits you.
* * * LOW HITPOINT WARNING * * *
Something hits you but does no damage.
You closely miss the orc. The orc hits you but does no damage.
Something hits you but does no damage. The orc barely misses you.
Your chain mail prevents you from hitting the orc.
Something hits you but does no damage. The orc hits you but does no damage.
You hear some strange, mumbled words.
A magic dart appears from out of thin air!
The magic dart hits you!
You die...

.# .#####. ## .......
.# ....... o{ #####..
.# .... . .# ####
##.# ###..# ##.
##@{.## <.. ####.o###
# #####....### #
##..........##
##............##
######..............#
....................#
.)####..............#
..# #..(...........#


You could see an orc.

Vanquished Creatures
  Sigmund (D:3)
  An orc wizard (D:3)
  Ijyb (D:3)
  3 adders
  A worm (D:2)
  A leopard gecko (D:1)
  An orc (D:3)
  A ball python (D:2)
  A giant cockroach (D:1)
  11 goblins
  4 hobgoblins (D:1)
  4 jackals (D:1)
  4 kobolds
  7 bats
  5 frilled lizards
  4 rats
50 creatures vanquished.

Notes
Turn   | Place    | Note
-------+----------+-------------------------------------------
     0 | D:1      | Lilleppy the Merfolk Gladiator began the quest for the Orb.
     0 | D:1      | Reached XP level 1. HP: 16/16 MP: 1/1
    77 | D:1      | Reached XP level 2. HP: 22/22 MP: 2/2
   541 | D:1      | Reached XP level 3. HP: 28/28 MP: 3/3
   579 | D:1      | Reached skill level 5 in Polearms
   868 | D:2      | Reached XP level 4. HP: 34/34 MP: 4/4
  1082 | D:3      | Noticed Sigmund
  1101 | D:3      | Killed Sigmund
  1101 | D:3      | Reached skill level 7 in Polearms
  1101 | D:3      | Reached XP level 5. HP: 13/41 MP: 5/5
  1268 | D:3      | Reached XP level 6. HP: 30/47 MP: 6/6
  1431 | D:3      | Noticed Ijyb
  1475 | D:3      | Killed Ijyb
  1475 | D:3      | Reached skill level 8 in Polearms
  1530 | D:3      | Reached skill level 1 in Armour
  1550 | D:3      | Killed from afar by an orc wizard

Skill      XL: |  1  2  3  4  5  6 |
---------------+-------------------+-----
Polearms       | 5 7 8 |  8.2
Fighting       | 3 |  3.2
Armour         | 1 |  1.0
Throwing       | |  2.3
Dodging        | |  4.8

Action                   |  1- 3 |  4- 6 || total
-------------------------+-------+-------++-------
Melee: Trident           |    91 |    24 ||   115
       Scythe            |       |    70 ||    70
  Eat: Bread ration      |       |     1 ||     1
Armor: Scale mail        |    40 |       ||    40
       Chain mail        |    13 |    74 ||    87
Dodge: Dodged            |    69 |    56 ||   125
